 Dungeon Crawl Stone Soup version 0.14-a0-1811-gdc2d5af (webtiles) character file.

4004 PolkaDot the Jinx (level 9, -1/61 HPs)
             Began as a Vampire Enchanter on Jan 8, 2014.
             Was a Priest of Sif Muna.
             Slain by an orc warrior
             ... wielding a +0,+1 orcish long sword
              (23 damage)
             ... on Level 8 of the Dungeon.
             The game lasted 00:30:03 (6621 turns).

PolkaDot the Jinx (Vampire Enchanter)               Turns: 6621, Time: 00:30:04

HP  -1/61        AC  4     Str  7      XL: 9   Next: 79%
MP  16/20        EV 16     Int 18      God: Sif Muna [***...]
Gold 526         SH  7     Dex 16      Spells:  5 memorised,  2 levels left

rFire  . . .     SeeInvis +     s - +1,+4 cutlass
rCold  . . .     Clarity  .     b - +1 robe
rNeg   . . .     Conserve .     n - +0 buckler
rPois  .         rCorr    .     f - +0 wizard hat
rElec  .         rRot     .     j - +0 cloak {MR+}
SustAb . .       Spirit   .     (no gloves)
rMut   .         Warding  .     (no boots)
Saprov . . .     Stasis   .     (no amulet)
                                v - ring of sustenance
                                a - +4 ring of evasion

@: regenerating quickly, quite resistant to hostile enchantments, extremely
stealthy
A: bottle blood, fangs 3, see invisible, unbreathing
a: Bottle Blood, Channel Energy, Forget Spell, Renounce Religion


You were on level 8 of the Dungeon.
You worshipped Sif Muna.
Sif Muna was most pleased with you.
You were very full.

You visited 2 branches of the dungeon, and saw 9 of its levels.

You collected 526 gold pieces.

Inventory:

Hand weapons
 s - a +1,+4 cutlass (weapon)
Missiles
 d - 9 darts (quivered)
Armour
 b - a +1 robe (worn)
 f - a +0 wizard hat (worn)
 j - a +0 cloak of magic resistance (worn)
 n - a +0 buckler (worn)
Magical devices
 i - a wand of lightning (0)
 y - a wand of slowing (13)
Scrolls
 g - 2 scrolls of teleportation {unknown}
 h - 6 scrolls of remove curse
 k - a scroll of random uselessness {unknown}
 m - 3 scrolls of enchant armour {unknown}
 o - a scroll of holy word {unknown}
 q - a scroll of curse weapon {unknown}
 r - a scroll of curse jewellery {unknown}
 t - a scroll of amnesia
 u - 3 scrolls of magic mapping
 z - a scroll of recharging {unknown}
 B - a scroll of fog
Jewellery
 a - a +4 ring of evasion (left hand)
 v - a ring of sustenance (right hand)
Potions
 l - a potion of resistance
 p - 2 potions of curing
 w - 2 potions of brilliance
 x - 2 potions of flight
 A - 2 potions of speed
 C - a potion of agility
Books
 c - a book of Maledictions

   Spells                             Type                      Level
   *Corona                            Hexes                        1
   *Sure Blade                        Hexes/Charms                 2
   *Ensorcelled Hibernation           Hexes/Ice                    2
   *Confuse                           Hexes                        3
   Enslavement                        Hexes                        4
   *Invisibility                      Hexes                        6


   Skills:
 - Level 2.1 Fighting
 - Level 4.6 Short Blades
 - Level 0.7 Throwing
 - Level 2.1 Dodging
 + Level 10.6 Stealth
 + Level 4.4 Spellcasting
 * Level 14.5 Hexes


You had 2 spell levels left.
You knew the following spells:

 Your Spells              Type           Power        Failure   Level  Hunger
a - Corona                Hex            ######.      1%          1    None
b - Sure Blade            Hex/Chrm       ####......   1%          2    #......
c - Confuse               Hex            ######..     1%          3    ###....
d - Ensorcelled Hibernat  Hex/Ice        ####..       1%          2    #......
i - Invisibility          Hex            ######..     10%         6    #######


Dungeon Overview and Level Annotations

Branches:
Dungeon (8/16)             Temple (1/1) D:4
   Lair: D:8-11

Altars:
Ashenzari
Cheibriados
Elyvilon
Fedhas
Kikubaaqudgha
Makhleb
Nemelex Xobeh
Okawaru
Sif Muna
Trog
Vehumet
Xom
Yredelemnul
Zin
the Shining One


Innate Abilities, Weirdness & Mutations

Your natural rate of healing is unusually fast.
You can bottle blood from corpses.
You have razor-sharp teeth.*
You have supernaturally acute eyesight.
You can survive without breathing.*


Message History

The worker ant bites you. The worker ant closely misses you.
Found 12 poisoned needles.
Casting: Ensorcelled Hibernation
Confirm with . or Enter, or press ? or * to list all spells.
Aiming: Ensorcelled Hibernation
Press: ? - help, Shift-Dir - straight line, f - worker ant
Aim: a worker ant The worker ant looks drowsy...
The helpless worker ant fails to defend itself.
You spit the worker ant like a pig!!!
You kill the worker ant!
The orc warrior hits you with an orcish long sword!
Casting: Ensorcelled Hibernation
Confirm with . or Enter, or press ? or * to list all spells.
Aiming: Ensorcelled Hibernation
Press: ? - help, Shift-Dir - straight line, f - orc warrior
Aim: an orc warrior, wielding an orcish long sword and wearing an orcish chain mail The orc warrior resists with significant effort.
The orc warrior hits you with an orcish long sword!
You die...

#...##..<.............
#.#.##................
#...##.........<)...(.
###.##.###############
#...##.# #.#.#..#
#...#..######
#.#.'%o......(
#...#@.###### #.#.#.##
#...### ###.# S.# #.#
..# .


You could see an orc warrior.

Vanquished Creatures
  Pikel (D:7)
  Maurice (D:8)
  A yak (D:7)
  Edmund (D:8)
  A sky beast (D:7)
  A phantom (D:5)
  2 ice beasts (D:6)
  2 ogres
  A human (D:7)
  The ghost of lorenz the Poker, an average MfSk (D:3)
  4 centaurs
  6 crimson imps
  A goliath beetle (D:7)
  A jelly (D:6)
  3 scorpions
  3 hounds
  Crazy Yiuf (D:3)
  2 orc priests (D:6)
  2 iguanas
  A quasit (D:6)
  4 orc wizards
  3 sheep (D:7)
  12 worker ants
  4 gnolls (D:4)
  11 adders
  2 worms
  8 giant geckos
  An ooze (D:5)
  19 orcs
  A bat skeleton (D:4)
  8 giant cockroaches
  12 goblins
  17 hobgoblins
  14 jackals
  10 kobolds
  3 quokkas
  2 ball pythons
  14 bats
  4 giant newts
  A kobold skeleton (D:4)
  10 rats
  A rat zombie (D:8)
197 creatures vanquished.

Vanquished Creatures (others)
  A sky beast (D:7)
  3 slaves (D:7)
  An orc warrior (D:6)
  A giant gecko (D:7)
  An orc (D:6)
  A goblin (D:6)
  5 toadstools (D:1)
13 creatures vanquished.

Grand Total: 210 creatures vanquished

Notes
Turn   | Place    | Note
--------------------------------------------------------------
     0 | D:1      | PolkaDot, the Vampire Enchanter, began the quest for the Orb.
     0 | D:1      | Reached XP level 1. HP: 13/13 MP: 3/3
   276 | D:1      | Reached XP level 2. HP: 19/19 MP: 4/4
   362 | D:1      | Reached skill level 5 in Hexes
   801 | D:2      | Reached XP level 3. HP: 15/25 MP: 6/6
   804 | D:2      | Found an iron altar of Okawaru.
   804 | D:2      | Found a snail-covered altar of Cheibriados.
   853 | D:2      | Reached skill level 1 in Fighting
  1372 | D:2      | Reached XP level 4. HP: 14/32 MP: 5/7
  1407 | D:2      | Reached skill level 6 in Hexes
  1618 | D:3      | Learned a level 3 spell: Confuse
  1945 | D:3      | Noticed lorenz's ghost (average MfSk)
  1961 | D:3      | Killed lorenz's ghost
  1961 | D:3      | Reached skill level 7 in Hexes
  1961 | D:3      | Reached XP level 5. HP: 20/38 MP: 2/9
  2418 | D:3      | Noticed Crazy Yiuf
  2426 | D:3      | Killed Crazy Yiuf
  2631 | D:4      | Reached XP level 6. HP: 31/44 MP: 8/10
  2696 | D:4      | Reached skill level 8 in Hexes
  2752 | D:4      | Got a pair of fine boots
  2755 | D:4      | Identified the cursed +1 pair of boots "Klesaosa" {Str-2} (You found it on level 4 of the Dungeon)
  2787 | D:4      | Found a staircase to the Ecumenical Temple.
  2800 | Temple   | Entered the Ecumenical Temple
  2898 | Temple   | Became a worshipper of Sif Muna the Loreminder
  3171 | D:4      | Noticed an ogre
  3181 | D:4      | Killed an ogre
  3181 | D:4      | Reached skill level 5 in Stealth
  3181 | D:4      | Reached skill level 9 in Hexes
  3245 | D:4      | Reached XP level 7. HP: 47/50 MP: 6/12
  3458 | D:5      | Entered Level 5 of the Dungeon
  3840 | D:5      | Gained mutation: Armour fits poorly on your strangely shaped body. [potion of mutation]
  3840 | D:5      | Gained mutation: Your body is slowly deteriorating. [potion of mutation]
  4077 | D:5      | Reached skill level 10 in Hexes
  4366 | D:6      | Acquired Sif Muna's first power
  4475 | D:6      | Reached XP level 8. HP: 56/56 MP: 13/13
  4483 | D:6      | Learned a level 6 spell: Invisibility
  4505 | D:6      | Found a burning altar of Makhleb.
  4576 | D:6      | Reached skill level 11 in Hexes
  4875 | D:6      | Reached skill level 12 in Hexes
  5239 | D:7      | Learned a level 2 spell: Sure Blade
  5451 | D:7      | Noticed Pikel
  5463 | D:7      | Killed Pikel
  5463 | D:7      | Acquired Sif Muna's second power
  5463 | D:7      | Reached skill level 13 in Hexes
  5463 | D:7      | Reached XP level 9. HP: 61/61 MP: 11/18
  6011 | D:8      | Noticed Edmund
  6030 | D:8      | Killed Edmund
  6030 | D:8      | Reached skill level 10 in Stealth
  6122 | D:8      | Noticed Maurice
  6144 | D:8      | Killed Maurice
  6144 | D:8      | Reached skill level 14 in Hexes
  6365 | D:8      | Learned a level 2 spell: Ensorcelled Hibernation
  6488 | D:8      | Lost mutation: Your body is slowly deteriorating. [potion of cure mutation]
  6488 | D:8      | Lost mutation: Armour fits poorly on your strangely shaped body. [potion of cure mutation]
  6621 | D:8      | Slain by an orc warrior

Action                   |  1- 3 |  4- 6 |  7- 9 || total
-------------------------+-------+-------+-------++-------
Melee: Dagger            |   145 |   181 |     9 ||   335
       Cutlass           |       |       |   367 ||   367
Throw: Dart              |     7 |       |       ||     7
 Cast: Corona            |    18 |     5 |       ||    23
       Confuse           |       |    15 |    28 ||    43
       Sure Blade        |       |       |     7 ||     7
       Invisibility      |       |       |     3 ||     3
       Ensorcelled Hiber |       |       |    13 ||    13
Evoke: Wand              |       |     1 |       ||     1
  Use: Potion            |     1 |       |    16 ||    17
       Scroll            |       |       |    21 ||    21
 Stab: Sleeping          |     2 |     9 |    40 ||    51
       Confused          |       |    10 |    10 ||    20
       Distracted        |       |       |     1 ||     1
       Invisible         |       |       |    10 ||    10
